 Dungeon Crawl Stone Soup version 0.28-b1-1-g3c77fb2ed1 (webtiles) character file.

Game seed: 5457374267853849387

25 GordonOverkill the Firebug (level 3, 0/30 HPs)
             Began as a Hill Orc Fire Elementalist on Jan 29, 2022.
             Succumbed to a goblin's poison
             ... on level 1 of the Dungeon.
             The game lasted 00:02:37 (759 turns).

GordonOverkill the Firebug (HOFE)                    Turns: 759, Time: 00:02:38

Health: 0/30       AC: 10    Str: 12    XL:     3   Next: 4%
Magic:  5/5        EV:  2    Int: 15    God:
Gold:   56         SH:  0    Dex: 11    Spells: 4/5 levels left

rFire   . . .      SeeInvis .   b - +2 dagger (venom)
rCold   . . .      Faith    .   (no shield)
rNeg    . . .      Spirit   .   e - +0 plate armour
rPois   .          Reflect  .   (no helmet)
rElec   .          Harm     .   (no cloak)
rCorr   .          Rampage  .   (no gloves)
Will    .....                   (no boots)
Stlth   ..........              (no amulet)
HPRegen 0.10/turn               (no ring)
MPRegen 0.09/turn               (no ring)

@: lethally poisoned (0 -> -3)
A: no striking features
a: no special abilities


You were on level 1 of the Dungeon.
You visited 1 branch of the dungeon, and saw 1 of its levels.

You collected 56 gold pieces.

Inventory:

Hand Weapons
 b - a +2 dagger of venom (weapon)
Armour
 e - a +0 plate armour (worn)
Scrolls
 c - a scroll of fog


   Skills:
 + Level 2.3 Fighting
 + Level 1.4 Short Blades
 - Level 1.5 Dodging
 - Level 1.5 Stealth
 - Level 1.5 Spellcasting
 - Level 1.0 Conjurations
 - Level 3.2 Fire Magic


You had 4 spell levels left.
You knew the following spells:

 Your Spells              Type           Power      Damage    Failure   Level
a - Foxfire               Conj/Fire      28%        2x1d5     100%        1

Your spell library contained the following spells:

 Spells                   Type           Power      Damage    Failure   Level
 Scorch                   Fire           22%        2d6       100%        2
 Conjure Flame            Conj/Fire      7%         6-21      100%        3
 Inner Flame              Hex/Fire       6%         N/A       100%        3
 Flame Wave               Conj/Fire      7%         2d5       100%        4


Dungeon Overview and Level Annotations

Branches:
Dungeon (1/15)

Altars:


Message History

You closely miss the goblin.
You feel sick.
The goblin hits you with a +0 dagger of venom.
You are more poisoned.
You hit the goblin but do no damage.
The goblin is poisoned.
Your punch misses the goblin.
You feel very sick. The goblin hits you but does no damage.
You are lethally poisoned!
You hit the goblin.
You kill the goblin!
You feel very sick.
No target in view!
No target in view!
No target in view!
There is a lethal amount of poison in your body!
Unknown command.
You aren't carrying any potions.
You aren't carrying any potions.
You feel very sick.
You see here a +0 dagger of venom.
* * * LOW HITPOINT WARNING * * *
You feel very sick.
* * * LOW HITPOINT WARNING * * *
You feel sick.
* * * LOW HITPOINT WARNING * * *
You feel sick.
* * * LOW HITPOINT WARNING * * *
You feel sick.
As you read the scroll labelled XIHUUS JOKK, it crumbles to dust.
It is a scroll of identify.
c - a scroll of fog
* * * LOW HITPOINT WARNING * * *
You feel sick.
Okay, then.
You aren't carrying any potions.
* * * LOW HITPOINT WARNING * * *
You feel sick.
* * * LOW HITPOINT WARNING * * *
You feel sick.
You die...

....>.....)......................
.......##.......###....####.###.#
.......................# #.# #.#
.......###########.....# #.# #..
...................#.#.# #.# #.
......##############.#.####.####.
.................. ..#...........
###.≈≈≈.##.###########.......####
#..⌠..##.#....@....#.......####
#.≈≈..##.#.######.##.........##
#.....##.#....###.##..†....#.##
#..#...#.#....#....#.......#.##
##.###.#.#.)..#....#.##.####.##
#. .#.#.####....#.##.##....#
#.#.#.......#.##.##.....
#.#.#......##.##.##....#
#.#........##.##.##....#


There were no monsters in sight!

Vanquished Creatures
  5 bats (D:1)
  4 giant cockroaches (D:1)
  3 hobgoblins (D:1)
  A ball python (D:1)
  A frilled lizard (D:1)
  3 goblins (D:1)
  2 kobolds (D:1)
  3 rats (D:1)
22 creatures vanquished.

Vanquished Creatures (others)
  6 foxfires (D:1)
6 creatures vanquished.

Grand Total: 28 creatures vanquished

Notes
Turn   | Place    | Note
-------+----------+-------------------------------------------
     0 | D:1      | GordonOverkill the Hill Orc Fire Elementalist began the
                  | quest for the Orb.
     0 | D:1      | Reached XP level 1. HP: 14/14 MP: 3/3
    48 | D:1      | Reached skill level 1 in Fighting
   218 | D:1      | Reached XP level 2. HP: 23/23 MP: 4/4
   387 | D:1      | Reached skill level 1 in Short Blades
   633 | D:1      | Reached XP level 3. HP: 29/29 MP: 5/5
   757 | D:1      | HP: 1/30 [poisoned by a goblin]
   759 | D:1      | Succumbed to a goblin's poison

Illustrated notes

Levels and vault maps discovered:
D:1:      ebering_hopf_link, layout_basic, corexii_leaking_fountain

Skill      XL: |  1  2 |
---------------+-------+-----
Fighting       | 1 2 |  2.3
Short Blades   | 1 |  1.4
Dodging        | |  1.5
Stealth        | |  1.5
Spellcasting   | |  1.5
Conjurations   | |  1.0
Fire Magic     | |  3.2

Action                   || total
-------------------------++-------
Melee: Dagger            ||    47
       Unarmed           ||     2
 Cast: Foxfire           ||     3
  Use: Scroll            ||     1
Armor: Robe              ||    10
       Chain mail        ||    10
       Plate armour      ||     3
Dodge: Dodged            ||    36
